AoeStats
← ska_18

Black Forest

505189569Analyzed
3v3 RM · 24d ago on Sep 8, 2026· 46m 39s· 6 players
Game mode
Random Map
Map size
Normal (6 player)
Population
200
Speed
Normal
Resources
Standard
Victory
Conquest
Starting age
Dark Age
Ending age
Imperial Age
RankedLock teamsTeams togetherTeam positionsShared explorationLock speedFull tech treeHidden civsTurbo modeCheats
Victory
Defeat
🇹🇷 Bengalis · Türkiye
1067
+19
🇦🇹 Saracens · Austria
1038
+20
🇲🇽 Sicilians · Mexico
978
+22
🇳🇿 Hindustanis · New Zealand
1143
-21
🇹🇼 Malay · Taiwan
1119
-20
🇹🇼 Slavs · Taiwan
1118
-20
ska_18
1:07 Loom
12:35 Feudal Age
18:26 Castle Age
16:44 Double-Bit Axe
17:08 Horse Collar
17:11 Fishing Lines
21:39 Wheelbarrow
21:25 Bow Saw
21:19 Heavy Plow
21:10 Gold Mining
22:33 Stone Mining
25:47 Fervor
26:48 Hand Cart
26:18 Town Watch
27:10 Gold Shaft Mining
26:50 Gillnets
29:15 Sanctity
30:00 Forging
29:40 Fletching
29:56 Scale Barding Armor
29:56 Caravan
33:43 Imperial Age
31:49 Coinage
32:41 Iron Casting
32:27 Chain Barding Armor
32:03 Bodkin Arrow
32:45 Town Patrol
33:34 Treadmill Crane
33:50 Murder Holes
34:05 Masonry
34:16 Bimaristan
36:02 Chemistry
35:39 Plate Barding Armor
36:05 Blast Furnace
35:27 Conscription
36:12 Two-Man Saw
35:46 Siege Engineers
37:19 Bloodlines
37:09 Husbandry
36:30 Light Cavalry
38:43 Hoardings
38:41 Banking
39:30 Elite Mameluke
41:41 Fortified Wall
41:51 Ballistics
40:53 Hussar
46:29 Guard Tower
46:25 Arrowslits
erick_carrington
2:11 Loom
14:43 Feudal Age
16:41 Double-Bit Axe
21:11 Forging
21:02 Scale Mail Armor
23:03 Wheelbarrow
22:11 Horse Collar
24:58 Castle Age
26:42 Pikeman
30:08 Chain Mail Armor
30:30 Iron Casting
30:30 Heavy Plow
30:23 Fletching
32:16 Elite Skirmisher
34:55 Fervor
40:18 Imperial Age
39:39 Squires
39:26 Arson
43:33 Bodkin Arrow
43:39 Padded Archer Armor
44:39 Conscription
46:52 Ballistics
47:49 Chemistry
zeyrek
0:55 Loom
11:51 Feudal Age
12:22 Man-at-Arms
14:39 Double-Bit Axe
16:10 Arson
18:45 Horse Collar
21:26 Gold Mining
25:05 Castle Age
25:09 Bloodlines
26:33 Scale Barding Armor
26:59 Bow Saw
27:16 Husbandry
29:54 Gold Shaft Mining
29:38 Scale Mail Armor
29:58 Chain Barding Armor
34:10 Paiks
35:18 Stone Mining
36:04 Wheelbarrow
35:15 Town Watch
36:28 Forging
40:03 Imperial Age
38:54 Hand Cart
39:01 Heavy Plow
39:19 Fletching
41:08 Conscription
41:10 Bodkin Arrow
42:10 Padded Archer Armor
43:38 Elite Elephant Archer
44:32 Bracer
44:47 Leather Archer Armor
44:45 Masonry
44:16 Treadmill Crane
45:53 Two-Man Saw
46:28 Ballistics
46:39 Architecture
45:58 Elite Ratha (Ranged)
Kiwikaiser
13:53 Feudal Age
18:01 Castle Age
16:23 Loom
19:37 Double-Bit Axe
27:39 Bow Saw
27:19 Horse Collar
30:23 Wheelbarrow
29:57 Scale Barding Armor
30:30 Forging
30:49 Bloodlines
30:39 Husbandry
31:05 Husbandry
32:44 Chain Barding Armor
36:32 Imperial Age
35:37 Fortified Wall
36:00 Hand Cart
36:27 Iron Casting
38:16 Chemistry
37:19 Caravan
40:27 Shatagni
42:06 Padded Archer Armor
42:28 Heavy Camel Rider
44:41 Plate Barding Armor
45:07 Blast Furnace
45:23 Leather Archer Armor
44:43 Imperial Camel Rider
單細胞
1:09 Loom
13:31 Feudal Age
15:41 Man-at-Arms
18:30 Castle Age
17:32 Double-Bit Axe
23:23 Stone Mining
24:58 Wheelbarrow
27:16 Bow Saw
26:49 Horse Collar
30:29 Gold Mining
30:42 Heavy Plow
31:08 Bloodlines
30:58 Husbandry
31:10 Forging
31:06 Scale Barding Armor
33:06 Detinets
32:55 Long Swordsman
33:36 Squires
33:40 Caravan
37:15 Imperial Age
35:01 Hand Cart
35:50 Gold Shaft Mining
35:55 Iron Casting
34:46 Elite Skirmisher
35:41 Pikeman
36:39 Fletching
36:49 Padded Archer Armor
36:50 Scale Mail Armor
37:22 Halberdier
38:27 Conscription
39:37 Two-Man Saw
41:08 Ballistics
41:49 Chemistry
40:54 Siege Engineers
40:11 Cavalier
41:54 Blast Furnace
41:09 Chain Mail Armor
40:50 Bodkin Arrow
41:10 Leather Archer Armor
43:19 Druzhina
45:30 Plate Mail Armor
45:31 Ring Archer Armor
5A
1:20 Loom
12:36 Feudal Age
17:52 Castle Age
30:47 Wheelbarrow
42:49 Gold Mining
42:48 Horse Collar
42:56 Double-Bit Axe
44:03 Sanctity
47:14 Hand Cart
Connection lost

Rejoining the realm…

Still unreachable

The connection could not be restored.

Session expired

The server has moved on; the page needs a fresh start.